Flyers vs Hurricanes

Created - October 3 2007 at 18:28

Goals
1 2 3 T
Flyers 2 0 0 2
Hurricanes 3 1 1 5
Shots
1 2 3 T
Flyers 7 7 10 24
Hurricanes 16 9 9 34

Period #1

1. Flyers , Alexander Radulov 1 (Michal Handzus, Sami Kapanen) at 0:32
2. Hurricanes , Erik Cole 1 (Mattias Ohlund, Mikko Koivu) at 1:18
3. Hurricanes , Mikko Koivu 1 (Mike Commodore) at 2:12
4. Hurricanes , Mikko Koivu 2 (Shawn Bates, Mike Commodore) at 16:32
5. Flyers , Tomas Holmstrom 1 (Andy Hilbert) at 17:00

Penalities :
Jean-Pierre Dumont (PHI) for Delaying the game (Minor) at 7:06, Mike Knuble (PHI) for Hooking (Minor) at 19:06

Period #2

6. Hurricanes , Eric Staal 1 (Justin Williams, Ray Whitney) at 4:06

Penalities :
Jean-Pierre Dumont (PHI) for Tripping (Minor) at 6:12, Alexander Radulov (PHI) for Goalie Interference (Minor) at 6:18, Peter Forsberg (PHI) for Tripping (Minor) at 12:52

Period #3

7. Hurricanes , Eric Staal 2 (Ray Whitney, Brent Sopel) at 4:10

Penalities :
Eric Belanger (CAR) for Delaying the game (Minor) at 6:56, Tomas Holmstrom (PHI) for Interference (Minor) at 11:56, Dan Hamhuis (PHI) for Slashing (Minor) at 17:02, Geoff Sanderson (PHI) for High sticking (Minor) at 19:23, Dan Hamhuis (PHI) for Tripping (Minor) at 19:32

Goalie Stats

Chris Osgood (PHI), 14 saves from 15 shots - (0.933), 35:54 minutes
Vesa Toskala (PHI), 15 saves from 19 shots - (0.789), L, 0-1-0, 24:06 minutes
Cam Ward (CAR), 22 saves from 24 shots - (0.917), W, 1-0-0, 60:00 minutes

Players Stats

Flyers
Player Name              G  A  P  +/- PIM S  H  SB FO MP 
-----------------------------------------------------------
Alexander Radulov        1  0  1   0  2   1  1  0  2  18 
Andy Hilbert             0  1  1   1  0   0  2  0  21 13 
Branislav Mezei          0  0  0  -2  0   0  1  0  0  17 
Dan Hamhuis              0  0  0  -2  4   1  0  1  0  22 
Denis Gauthier           0  0  0   1  0   0  1  0  0  21 
Geoff Sanderson          0  0  0   1  2   1  1  0  0  5  
Jean-Pierre Dumont       0  0  0  -2  4   0  0  1  0  16 
Jiri Hudler              0  0  0  -2  0   4  0  0  1  18 
Michal Handzus           0  1  1   0  0   0  0  0  19 17 
Mike Knuble              0  0  0  -2  2   3  2  0  0  17 
Mike Rathje              0  0  0   1  0   0  0  0  0  18 
Pavel Kubina             0  0  0  -2  0   2  1  3  0  22 
Peter Forsberg           0  0  0  -2  2   2  1  0  16 17 
R.J. Umberger            0  0  0  -2  0   1  6  0  15 15 
Sami Kapanen             0  1  1   0  0   3  1  0  1  18 
Simon Gagne              0  0  0  -2  0   1  2  0  4  18 
Tomas Holmstrom          1  0  1   1  2   2  0  0  1  6  
Wade Redden              0  0  0  -2  0   3  1  2  0  23 
Hurricanes
Player Name              G  A  P  +/- PIM S  H  SB FO MP 
-----------------------------------------------------------
Anton Babchuk            0  0  0   0  0   1  0  0  0  12 
Brent Sopel              0  1  1   1  0   3  0  2  0  25 
Craig Adams              0  0  0   1  0   1  4  0  1  21 
David Tanabe             0  0  0   1  0   0  1  0  0  18 
Eric Belanger            0  0  0   0  2   1  0  0  5  9  
Eric Staal               2  0  2   1  0   6  2  0  33 25 
Erik Cole                1  0  1   1  0   6  2  0  1  20 
Frantisek Kaberle        0  0  0   1  0   0  0  1  0  23 
Jeff Halpern             0  0  0   0  0   0  0  0  0  3  
Justin Williams          0  1  1   1  0   0  1  0  1  24 
Kevyn Adams              0  0  0   0  0   0  0  1  0  4  
Kyle Calder              0  0  0   0  0   1  1  0  15 10 
Martin Havlat            0  0  0   1  0   4  1  0  0  23 
Mattias Ohlund           0  1  1   1  0   1  4  0  0  17 
Mike Commodore           0  2  2   2  0   1  2  3  0  22 
Mikko Koivu              2  1  3   2  0   5  1  0  20 22 
Ray Whitney              0  2  2   1  0   3  1  0  2  25 
Shawn Bates              0  1  1   1  0   1  0  0  2  16 

3 Stars

1 - Mikko Koivu (CAR)
2 - Eric Staal (CAR)
3 - Mike Commodore (CAR)

Power Play

Flyers - 0 on 1 Attempt(s) - 0.00%
Hurricanes - 0 on 9 Attempt(s) - 0.00%

Penalty Kill

Flyers - 9 on 9 Attempt(s) - 100.00% - Score 0 goal in Penalty Kill
Hurricanes - 1 on 1 Attempt(s) - 100.00% - Score 0 goal in Penalty Kill

Game Notes

Jeff Halpern is injured at 19:31 of 1st period (Lower Arm)
Chris Osgood enters game at 4:06 of 2nd period

Finance

Level 1 -- Attendance: 3570 (59.50%) -- Ticket Income $357,000.00
Level 2 -- Attendance: 3530 (65.62%) -- Ticket Income $211,800.00
Level 3 -- Attendance: 1813 (77.15%) -- Ticket Income $63,455.00
Level 4 -- Attendance: 3629 (90.72%) -- Ticket Income $72,580.00
Luxury Box -- Attendance: 769 (76.95%) -- Ticket Income $153,800.00
Game was played at the RBC Center
Total Attendance: 13311 (71.07%)
Total Ticket Income: $889,614.90
Other Income: $133,575.60
Total Income: $1,023,191.00


Play by Play

Period #1

0:01 of 1st period - Peter Forsberg wins face-off versus Eric Staal in neutral zone.
0:05 of 1st period - Icing by Frantisek Kaberle.
0:06 of 1st period - Eric Staal wins face-off versus Michal Handzus in Hurricanes zone.
0:32 of 1st period - Shot by Alexander Radulov.
0:32 of 1st period - Goal by Alexander Radulov - Flyers : 1 - Hurricanes : 0.
0:33 of 1st period - Mikko Koivu wins face-off versus Simon Gagne in neutral zone.
0:44 of 1st period - Shot by Mikko Koivu.
0:44 of 1st period - Deflect By Erik Cole.
0:44 of 1st period - Shot Misses the Net.
0:48 of 1st period - Shot by Martin Havlat.
0:48 of 1st period - Shot Misses the Net.
0:52 of 1st period - Shot by Martin Havlat.
0:52 of 1st period - Shot Blocked by Pavel Kubina.
0:54 of 1st period - Shot by Erik Cole.
0:54 of 1st period - Shot Blocked by Pavel Kubina.
0:56 of 1st period - Shot by Mattias Ohlund.
0:56 of 1st period - Stopped by Vesa Toskala with a rebound.
1:11 of 1st period - Mikko Koivu is hit by Peter Forsberg and loses puck.
1:18 of 1st period - Shot by Erik Cole.
1:18 of 1st period - Goal by Erik Cole - Flyers : 1 - Hurricanes : 1.
1:19 of 1st period - Eric Staal wins face-off versus R.J. Umberger in neutral zone.
1:50 of 1st period - Shot by Justin Williams.
1:50 of 1st period - Shot Misses the Net.
2:12 of 1st period - Shot by Mikko Koivu.
2:12 of 1st period - Goal by Mikko Koivu - Flyers : 1 - Hurricanes : 2.
2:13 of 1st period - Shawn Bates wins face-off versus Michal Handzus in neutral zone.
2:28 of 1st period - Shot by Sami Kapanen.
2:28 of 1st period - Shot Misses the Net.
2:31 of 1st period - Michal Handzus is hit by David Tanabe and loses puck.
2:47 of 1st period - Shot by Sami Kapanen.
2:47 of 1st period - Stopped by Cam Ward without a rebound.
2:48 of 1st period - Eric Staal wins face-off versus Peter Forsberg in Hurricanes zone.
3:00 of 1st period - Icing by Mike Knuble.
3:01 of 1st period - Eric Staal wins face-off versus Peter Forsberg in Flyers zone.
4:59 of 1st period - Shot by Sami Kapanen.
4:59 of 1st period - Deflect By Alexander Radulov.
4:59 of 1st period - Shot Misses the Net.
5:18 of 1st period - Icing by Alexander Radulov.
5:19 of 1st period - Michal Handzus wins face-off versus Craig Adams in Flyers zone.
7:06 of 1st period - Minor Penalty to Jean-Pierre Dumont for Delaying the game.
7:07 of 1st period - Kyle Calder wins face-off versus Andy Hilbert in Flyers zone.
7:26 of 1st period - Shot by Kyle Calder.
7:26 of 1st period - Stopped by Vesa Toskala without a rebound.
7:27 of 1st period - Eric Staal wins face-off versus Andy Hilbert in Flyers zone.
7:30 of 1st period - Shot by Eric Staal.
7:30 of 1st period - Stopped by Vesa Toskala without a rebound.
7:31 of 1st period - Eric Staal wins face-off versus Andy Hilbert in Flyers zone.
8:14 of 1st period - Icing by Ray Whitney.
8:15 of 1st period - Simon Gagne wins face-off versus Kyle Calder in Hurricanes zone.
8:32 of 1st period - Shot by Brent Sopel.
8:32 of 1st period - Stopped by Vesa Toskala without a rebound.
8:33 of 1st period - Erik Cole wins face-off versus Andy Hilbert in Flyers zone.
8:48 of 1st period - Shot by Erik Cole.
8:48 of 1st period - Stopped by Vesa Toskala without a rebound.
8:49 of 1st period - Michal Handzus wins face-off versus Kyle Calder in Flyers zone.
9:33 of 1st period - Shot by Martin Havlat.
9:33 of 1st period - Stopped by Vesa Toskala with a rebound.
9:48 of 1st period - Icing by Martin Havlat.
9:49 of 1st period - Peter Forsberg wins face-off versus Mikko Koivu in Hurricanes zone.
9:50 of 1st period - Shot by Pavel Kubina.
9:50 of 1st period - Shot Blocked by Mike Commodore.
10:56 of 1st period - Geoff Sanderson is hit by Craig Adams and loses puck.
11:11 of 1st period - Shot by Tomas Holmstrom.
11:11 of 1st period - Stopped by Cam Ward without a rebound.
11:12 of 1st period - Shawn Bates wins face-off versus R.J. Umberger in Hurricanes zone.
12:49 of 1st period - Shot by Peter Forsberg.
12:49 of 1st period - Shot Misses the Net.
12:51 of 1st period - Shot by Simon Gagne.
12:51 of 1st period - Shot Blocked by Frantisek Kaberle.
12:53 of 1st period - Shot by Wade Redden.
12:53 of 1st period - Stopped by Cam Ward with a rebound.
12:55 of 1st period - Shot by Simon Gagne.
12:55 of 1st period - Deflect By Peter Forsberg.
12:55 of 1st period - Stopped by Cam Ward without a rebound.
12:56 of 1st period - R.J. Umberger wins face-off versus Eric Belanger in Hurricanes zone.
12:56 of 1st period - R.J. Umberger is hit by Mattias Ohlund.
13:06 of 1st period - Shot by Jiri Hudler.
13:06 of 1st period - Stopped by Cam Ward without a rebound.
13:07 of 1st period - Eric Belanger wins face-off versus Peter Forsberg in Hurricanes zone.
13:43 of 1st period - Shot by Martin Havlat.
13:43 of 1st period - Stopped by Vesa Toskala without a rebound.
13:44 of 1st period - Mikko Koivu wins face-off versus R.J. Umberger in Flyers zone.
13:55 of 1st period - Shot by Shawn Bates.
13:55 of 1st period - Stopped by Vesa Toskala without a rebound.
13:56 of 1st period - Eric Staal wins face-off versus Michal Handzus in Flyers zone.
15:42 of 1st period - Shot by Erik Cole.
15:42 of 1st period - Stopped by Vesa Toskala with a rebound.
15:58 of 1st period - Icing by Dan Hamhuis.
15:59 of 1st period - R.J. Umberger wins face-off versus Eric Staal in Flyers zone.
15:59 of 1st period - Dan Hamhuis is hit by Eric Staal and loses puck.
16:20 of 1st period - Shot by Ray Whitney.
16:20 of 1st period - Stopped by Vesa Toskala without a rebound.
16:21 of 1st period - Mikko Koivu wins face-off versus Peter Forsberg in Flyers zone.
16:28 of 1st period - Shot by Shawn Bates.
16:28 of 1st period - Shot Misses the Net.
16:30 of 1st period - Shot by Mikko Koivu.
16:30 of 1st period - Shot Blocked by Wade Redden.
16:32 of 1st period - Shot by Mikko Koivu.
16:32 of 1st period - Goal by Mikko Koivu - Flyers : 1 - Hurricanes : 3.
16:33 of 1st period - Andy Hilbert wins face-off versus Mikko Koivu in neutral zone.
16:35 of 1st period - Geoff Sanderson is hit by Mike Commodore and loses puck.
16:54 of 1st period - Shot by Craig Adams.
16:54 of 1st period - Stopped by Vesa Toskala with a rebound.
17:00 of 1st period - Shot by Tomas Holmstrom.
17:00 of 1st period - Goal by Tomas Holmstrom - Flyers : 2 - Hurricanes : 3.
17:01 of 1st period - Ray Whitney wins face-off versus Peter Forsberg in neutral zone.
17:08 of 1st period - Shot by Eric Staal.
17:08 of 1st period - Shot Misses the Net.
17:32 of 1st period - Brent Sopel is hit by Mike Knuble and loses puck.
17:42 of 1st period - Icing by Frantisek Kaberle.
17:43 of 1st period - Michal Handzus wins face-off versus Ray Whitney in Hurricanes zone.
18:09 of 1st period - Sami Kapanen is hit by Eric Staal and loses puck.
18:18 of 1st period - Shot by Alexander Radulov.
18:18 of 1st period - Shot Misses the Net.
18:44 of 1st period - Shot by Erik Cole.
18:44 of 1st period - Shot Blocked by Dan Hamhuis.
18:46 of 1st period - Shot by Mikko Koivu.
18:46 of 1st period - Shot Misses the Net.
18:48 of 1st period - Shot by Mike Commodore.
18:48 of 1st period - Shot Misses the Net.
18:50 of 1st period - Shot by Erik Cole.
18:50 of 1st period - Stopped by Vesa Toskala without a rebound.
18:51 of 1st period - Peter Forsberg wins face-off versus Mikko Koivu in Flyers zone.
18:51 of 1st period - Peter Forsberg is hit by Craig Adams.
19:06 of 1st period - Minor Penalty to Mike Knuble for Hooking.
19:07 of 1st period - Kyle Calder wins face-off versus Andy Hilbert in Hurricanes zone.
19:30 of 1st period - Jeff Halpern is hit by Wade Redden and loses puck.
19:31 of 1st period - Jeff Halpern from Hurricanes is injured at 19:31 of 1st period (Lower Arm).
19:32 of 1st period - Kyle Calder wins face-off versus Andy Hilbert in Flyers zone.
19:55 of 1st period - Shot by Erik Cole.
19:55 of 1st period - Stopped by Vesa Toskala without a rebound.
19:56 of 1st period - Andy Hilbert wins face-off versus Eric Staal in Flyers zone.

Period #2

0:01 of 2nd period - Eric Staal wins face-off versus Alexander Radulov in neutral zone.
0:26 of 2nd period - Shot by Anton Babchuk.
0:26 of 2nd period - Shot Misses the Net.
0:28 of 2nd period - Shot by Eric Staal.
0:28 of 2nd period - Stopped by Vesa Toskala without a rebound.
0:29 of 2nd period - Kyle Calder wins face-off versus Michal Handzus in Flyers zone.
1:00 of 2nd period - Dan Hamhuis is hit by Kyle Calder and loses puck.
1:12 of 2nd period - Dan Hamhuis is hit by Craig Adams and loses puck.
1:16 of 2nd period - Jean-Pierre Dumont is hit by Mikko Koivu and loses puck.
2:55 of 2nd period - Icing by Mike Rathje.
2:56 of 2nd period - Sami Kapanen wins face-off versus Mikko Koivu in Flyers zone.
3:03 of 2nd period - Mattias Ohlund is hit by Sami Kapanen and loses puck.
3:30 of 2nd period - Icing by Mikko Koivu.
3:31 of 2nd period - R.J. Umberger wins face-off versus Mikko Koivu in Hurricanes zone.
4:02 of 2nd period - Shot by Eric Staal.
4:02 of 2nd period - Shot Misses the Net.
4:04 of 2nd period - Shot by Ray Whitney.
4:04 of 2nd period - Stopped by Vesa Toskala with a rebound.
4:06 of 2nd period - Shot by Justin Williams.
4:06 of 2nd period - Deflect By Eric Staal.
4:06 of 2nd period - Goal by Eric Staal - Flyers : 2 - Hurricanes : 4.
4:06 of 2nd period - Chris Osgood enters game.
4:07 of 2nd period - Simon Gagne wins face-off versus Eric Belanger in neutral zone.
4:18 of 2nd period - Shot by Peter Forsberg.
4:18 of 2nd period - Stopped by Cam Ward without a rebound.
4:19 of 2nd period - Mikko Koivu wins face-off versus Andy Hilbert in Hurricanes zone.
4:19 of 2nd period - David Tanabe is hit by Geoff Sanderson and loses puck.
4:59 of 2nd period - Icing by Mike Rathje.
5:00 of 2nd period - Eric Staal wins face-off versus Andy Hilbert in Flyers zone.
5:00 of 2nd period - Eric Staal is hit by Andy Hilbert.
5:05 of 2nd period - Ray Whitney is hit by Andy Hilbert and loses puck.
5:38 of 2nd period - Shot by Simon Gagne.
5:38 of 2nd period - Shot Blocked by Brent Sopel.
5:40 of 2nd period - Shot by Wade Redden.
5:40 of 2nd period - Stopped by Cam Ward without a rebound.
5:41 of 2nd period - Eric Belanger wins face-off versus R.J. Umberger in Hurricanes zone.
5:41 of 2nd period - Eric Belanger is hit by R.J. Umberger.
5:49 of 2nd period - Shot by Jean-Pierre Dumont.
5:49 of 2nd period - Shot Misses the Net.
5:51 of 2nd period - Shot by R.J. Umberger.
5:51 of 2nd period - Shot Hit the Post.
6:12 of 2nd period - Minor Penalty to Jean-Pierre Dumont for Tripping.
6:13 of 2nd period - Kyle Calder wins face-off versus Michal Handzus in neutral zone.
6:18 of 2nd period - Minor Penalty to Alexander Radulov for Goalie Interference.
6:19 of 2nd period - Michal Handzus wins face-off versus Eric Staal in Flyers zone.
6:19 of 2nd period - Wade Redden is hit by Justin Williams and loses puck.
7:57 of 2nd period - Shot by Eric Belanger.
7:57 of 2nd period - Stopped by Chris Osgood without a rebound.
7:58 of 2nd period - Andy Hilbert wins face-off versus Kyle Calder in Flyers zone.
8:24 of 2nd period - Shot by Mikko Koivu.
8:24 of 2nd period - Stopped by Chris Osgood without a rebound.
8:25 of 2nd period - Mikko Koivu wins face-off versus R.J. Umberger in Flyers zone.
8:25 of 2nd period - Mike Commodore is hit by R.J. Umberger and loses puck.
9:05 of 2nd period - David Tanabe is hit by R.J. Umberger and loses puck.
9:11 of 2nd period - Icing by Jean-Pierre Dumont.
9:12 of 2nd period - R.J. Umberger wins face-off versus Eric Staal in Flyers zone.
9:12 of 2nd period - R.J. Umberger is hit by Ray Whitney.
9:53 of 2nd period - Shot by Simon Gagne.
9:53 of 2nd period - Shot Misses the Net.
9:55 of 2nd period - Shot by Simon Gagne.
9:55 of 2nd period - Stopped by Cam Ward without a rebound.
9:56 of 2nd period - Mikko Koivu wins face-off versus Michal Handzus in Hurricanes zone.
12:01 of 2nd period - Shot by Erik Cole.
12:01 of 2nd period - Shot Misses the Net.
12:11 of 2nd period - Shot by Mike Knuble.
12:11 of 2nd period - Stopped by Cam Ward without a rebound.
12:12 of 2nd period - R.J. Umberger wins face-off versus Eric Staal in Hurricanes zone.
12:37 of 2nd period - Shot by Eric Staal.
12:37 of 2nd period - Shot Hit the Post.
12:41 of 2nd period - Shot by Eric Staal.
12:41 of 2nd period - Stopped by Chris Osgood without a rebound.
12:42 of 2nd period - Eric Staal wins face-off versus Peter Forsberg in Flyers zone.
12:42 of 2nd period - Ray Whitney is hit by Mike Knuble and loses puck.
12:51 of 2nd period - Shot by Justin Williams.
12:51 of 2nd period - Shot Misses the Net.
12:52 of 2nd period - Minor Penalty to Peter Forsberg for Tripping.
12:53 of 2nd period - Andy Hilbert wins face-off versus Kyle Calder in Flyers zone.
13:08 of 2nd period - Shot by Brent Sopel.
13:08 of 2nd period - Stopped by Chris Osgood without a rebound.
13:09 of 2nd period - Eric Staal wins face-off versus Andy Hilbert in Flyers zone.
13:25 of 2nd period - Icing by Justin Williams.
13:26 of 2nd period - Andy Hilbert wins face-off versus Eric Staal in Hurricanes zone.
13:40 of 2nd period - Eric Staal is hit by Pavel Kubina and loses puck.
14:05 of 2nd period - Off-side.
14:06 of 2nd period - Kyle Calder wins face-off versus Simon Gagne in neutral zone.
14:12 of 2nd period - Martin Havlat is hit by Alexander Radulov and loses puck.
14:59 of 2nd period - Icing by Mike Commodore.
15:00 of 2nd period - Mikko Koivu wins face-off versus R.J. Umberger in Hurricanes zone.
15:00 of 2nd period - Mikko Koivu is hit by R.J. Umberger.
15:17 of 2nd period - Shot by Mikko Koivu.
15:17 of 2nd period - Stopped by Chris Osgood without a rebound.
15:18 of 2nd period - Mikko Koivu wins face-off versus Peter Forsberg in Flyers zone.
15:25 of 2nd period - Shot by Martin Havlat.
15:25 of 2nd period - Stopped by Chris Osgood without a rebound.
15:26 of 2nd period - Mikko Koivu wins face-off versus Peter Forsberg in Flyers zone.
16:51 of 2nd period - Eric Staal is hit by R.J. Umberger and loses puck.
16:56 of 2nd period - Shot by Dan Hamhuis.
16:56 of 2nd period - Stopped by Cam Ward with a rebound.
16:58 of 2nd period - Shot by Jean-Pierre Dumont.
16:58 of 2nd period - Shot Blocked by Brent Sopel.
17:00 of 2nd period - Shot by Jiri Hudler.
17:00 of 2nd period - Stopped by Cam Ward with a rebound.
17:41 of 2nd period - Alexander Radulov is hit by Mattias Ohlund and loses puck.
18:06 of 2nd period - Shot by Sami Kapanen.
18:06 of 2nd period - Stopped by Cam Ward with a rebound.
18:12 of 2nd period - Shot by Michal Handzus.
18:12 of 2nd period - Shot Blocked by Mike Commodore.
19:10 of 2nd period - David Tanabe is hit by Simon Gagne and loses puck.
19:53 of 2nd period - Shot by Erik Cole.
19:53 of 2nd period - Shot Misses the Net.

Period #3

0:01 of 3rd period - Eric Staal wins face-off versus Peter Forsberg in neutral zone.
0:06 of 3rd period - Shot by Ray Whitney.
0:06 of 3rd period - Shot Blocked by Pavel Kubina.
0:10 of 3rd period - Shot by Justin Williams.
0:10 of 3rd period - Shot Misses the Net.
0:12 of 3rd period - Shot by Justin Williams.
0:12 of 3rd period - Shot Misses the Net.
0:14 of 3rd period - Shot by Ray Whitney.
0:14 of 3rd period - Deflect By Justin Williams.
0:14 of 3rd period - Shot Misses the Net.
0:38 of 3rd period - Shot by Mike Knuble.
0:38 of 3rd period - Stopped by Cam Ward without a rebound.
0:39 of 3rd period - Michal Handzus wins face-off versus Mikko Koivu in Hurricanes zone.
3:54 of 3rd period - Shot by Mikko Koivu.
3:54 of 3rd period - Stopped by Chris Osgood without a rebound.
3:55 of 3rd period - Michal Handzus wins face-off versus Eric Staal in Flyers zone.
4:10 of 3rd period - Shot by Eric Staal.
4:10 of 3rd period - Goal by Eric Staal - Flyers : 2 - Hurricanes : 5.
4:11 of 3rd period - Mikko Koivu wins face-off versus R.J. Umberger in neutral zone.
4:38 of 3rd period - Shot by R.J. Umberger.
4:38 of 3rd period - Stopped by Cam Ward without a rebound.
4:39 of 3rd period - Michal Handzus wins face-off versus Eric Staal in Hurricanes zone.
5:06 of 3rd period - Shot by Sami Kapanen.
5:06 of 3rd period - Stopped by Cam Ward without a rebound.
5:07 of 3rd period - Mikko Koivu wins face-off versus R.J. Umberger in Hurricanes zone.
5:18 of 3rd period - Shot by Martin Havlat.
5:18 of 3rd period - Shot Blocked by Jean-Pierre Dumont.
5:40 of 3rd period - Shot by Jiri Hudler.
5:40 of 3rd period - Shot Misses the Net.
5:42 of 3rd period - Shot by Dan Hamhuis.
5:42 of 3rd period - Shot Blocked by Mike Commodore.
5:46 of 3rd period - Shot by Jiri Hudler.
5:46 of 3rd period - Stopped by Cam Ward with a rebound.
6:10 of 3rd period - Shot by Geoff Sanderson.
6:10 of 3rd period - Stopped by Cam Ward without a rebound.
6:11 of 3rd period - Michal Handzus wins face-off versus Eric Staal in Hurricanes zone.
6:56 of 3rd period - Minor Penalty to Eric Belanger for Delaying the game.
6:57 of 3rd period - Kyle Calder wins face-off versus Peter Forsberg in Flyers zone.
7:00 of 3rd period - Shot by Shawn Bates.
7:00 of 3rd period - Deflect By Kyle Calder.
7:00 of 3rd period - Shot Blocked by Wade Redden.
7:17 of 3rd period - Peter Forsberg is hit by Mattias Ohlund and loses puck.
7:31 of 3rd period - Simon Gagne is hit by Mattias Ohlund and loses puck.
8:34 of 3rd period - Shot by Pavel Kubina.
8:34 of 3rd period - Stopped by Cam Ward with a rebound.
8:38 of 3rd period - Shot by Simon Gagne.
8:38 of 3rd period - Shot Blocked by Kevyn Adams.
8:40 of 3rd period - Shot by Pavel Kubina.
8:40 of 3rd period - Stopped by Cam Ward without a rebound.
8:41 of 3rd period - Eric Staal wins face-off versus Tomas Holmstrom in Hurricanes zone.
8:59 of 3rd period - Alexander Radulov is hit by Mike Commodore and loses puck.
9:33 of 3rd period - Icing by Mike Commodore.
9:34 of 3rd period - Eric Staal wins face-off versus R.J. Umberger in Hurricanes zone.
10:08 of 3rd period - Shawn Bates is hit by Branislav Mezei and loses puck.
10:26 of 3rd period - Icing by Jean-Pierre Dumont.
10:27 of 3rd period - R.J. Umberger wins face-off versus Eric Staal in Flyers zone.
10:48 of 3rd period - Shot by Simon Gagne.
10:48 of 3rd period - Shot Misses the Net.
10:50 of 3rd period - Shot by Wade Redden.
10:50 of 3rd period - Stopped by Cam Ward without a rebound.
10:51 of 3rd period - Michal Handzus wins face-off versus Mikko Koivu in Hurricanes zone.
10:51 of 3rd period - Michal Handzus is hit by Martin Havlat.
11:13 of 3rd period - Shot by Erik Cole.
11:13 of 3rd period - Stopped by Chris Osgood without a rebound.
11:14 of 3rd period - Eric Staal wins face-off versus Peter Forsberg in Flyers zone.
11:21 of 3rd period - Shot by Ray Whitney.
11:21 of 3rd period - Stopped by Chris Osgood without a rebound.
11:22 of 3rd period - Peter Forsberg wins face-off versus Mikko Koivu in Flyers zone.
11:34 of 3rd period - Shawn Bates is hit by Simon Gagne and loses puck.
11:37 of 3rd period - Shot by Mike Commodore.
11:37 of 3rd period - Stopped by Chris Osgood without a rebound.
11:38 of 3rd period - Andy Hilbert wins face-off versus Eric Staal in Flyers zone.
11:56 of 3rd period - Minor Penalty to Tomas Holmstrom for Interference.
11:57 of 3rd period - Kyle Calder wins face-off versus Alexander Radulov in neutral zone.
13:02 of 3rd period - Shot by Anton Babchuk.
13:02 of 3rd period - Stopped by Chris Osgood without a rebound.
13:03 of 3rd period - Andy Hilbert wins face-off versus Justin Williams in Flyers zone.
13:03 of 3rd period - Andy Hilbert is hit by Craig Adams.
15:21 of 3rd period - Off-side.
15:22 of 3rd period - Michal Handzus wins face-off versus Eric Staal in neutral zone.
15:33 of 3rd period - Shot by Alexander Radulov.
15:33 of 3rd period - Shot Misses the Net.
16:14 of 3rd period - Icing by Anton Babchuk.
16:15 of 3rd period - Peter Forsberg wins face-off versus Eric Belanger in Hurricanes zone.
16:39 of 3rd period - Simon Gagne is hit by Erik Cole and loses puck.
16:45 of 3rd period - Simon Gagne is hit by Erik Cole and loses puck.
16:50 of 3rd period - Shot by Mike Knuble.
16:50 of 3rd period - Stopped by Cam Ward without a rebound.
16:51 of 3rd period - Eric Staal wins face-off versus Jiri Hudler in Hurricanes zone.
16:51 of 3rd period - Eric Staal is hit by R.J. Umberger.
17:02 of 3rd period - Minor Penalty to Dan Hamhuis for Slashing.
17:03 of 3rd period - Michal Handzus wins face-off versus Kyle Calder in Flyers zone.
17:16 of 3rd period - Shot by Martin Havlat.
17:16 of 3rd period - Stopped by Chris Osgood without a rebound.
17:17 of 3rd period - Eric Staal wins face-off versus Michal Handzus in Flyers zone.
17:20 of 3rd period - Shot by Eric Staal.
17:20 of 3rd period - Shot Misses the Net.
17:24 of 3rd period - Shot by Eric Staal.
17:24 of 3rd period - Stopped by Chris Osgood without a rebound.
17:25 of 3rd period - Andy Hilbert wins face-off versus Kyle Calder in Flyers zone.
17:35 of 3rd period - Eric Staal is hit by Denis Gauthier and loses puck.
17:38 of 3rd period - Shot by Kyle Calder.
17:38 of 3rd period - Shot Hit the Post.
17:40 of 3rd period - Shot by Martin Havlat.
17:40 of 3rd period - Shot Misses the Net.
17:44 of 3rd period - Shot by Eric Staal.
17:44 of 3rd period - Shot Misses the Net.
17:46 of 3rd period - Shot by Brent Sopel.
17:46 of 3rd period - Stopped by Chris Osgood without a rebound.
17:47 of 3rd period - Michal Handzus wins face-off versus Eric Staal in Flyers zone.
19:20 of 3rd period - Shot by Jiri Hudler.
19:20 of 3rd period - Stopped by Cam Ward without a rebound.
19:21 of 3rd period - Mikko Koivu wins face-off versus Andy Hilbert in Hurricanes zone.
19:23 of 3rd period - Minor Penalty to Geoff Sanderson for High sticking.
19:24 of 3rd period - Eric Staal wins face-off versus Andy Hilbert in neutral zone.
19:32 of 3rd period - Minor Penalty to Dan Hamhuis for Tripping.
19:33 of 3rd period - Andy Hilbert wins face-off versus Eric Staal in Flyers zone.
19:43 of 3rd period - Off-side.
19:44 of 3rd period - Andy Hilbert wins face-off versus Kyle Calder in neutral zone.


Output by the SimonT Hockey Simulator (STHS) for Stephane Roy -- Original Page W3C XHTML 1.0 Valid